 Dungeon Crawl Stone Soup version 0.24-a0-715-g0b739ee41d (webtiles) character file.

Game seed: 2284746434194055751, levelgen mode: deterministic

12537 Arixos the Covert (level 11, -33/66 HPs)
             Began as a Vampire Enchanter on Sept 30, 2019.
             Was an Elder of Dithmenos.
             Annihilated by Rupert
             ... wielding a +0 executioner's axe of holy wrath
              (51 damage)
             ... on level 2 of the Orcish Mines.
             The game lasted 02:31:39 (11946 turns).

Arixos the Covert (Vampire Enchanter)              Turns: 11946, Time: 02:31:39

Health: -33/66     AC: 10    Str:  7    XL:     11   Next: 63%
Magic:  18/21      EV: 20    Int: 18    God:    Dithmenos [****..]
Gold:   1273       SH:  0    Dex: 18    Spells: 16/24 levels left

rFire    . . .     SeeInvis +   z - +4 short sword (freeze) (curse)
rCold    + + .     Gourm    .   (no shield)
rNeg     + + +     Faith    .   i - +3 leather armour {MR+}
rPois    ∞         Spirit   .   (no helmet)
rElec    .         Reflect  .   y - +0 cloak
rCorr    .         Harm     .   q - +1 pair of gloves
MR       +++..                  e - +0 pair of boots
Stlth    +++++++++.             p - amulet of magic regeneration
HPRegen  0.00/turn              g - +3 ring of evasion
MPRegen  0.42/turn              A - ring of protection from magic

@: bloodless, regenerating quickly, wreathed by umbra
A: no food, fangs 3, see invisible, unbreathing
a: Bat Form, Revivify, Shadow Step, Renounce Religion


You were on level 2 of the Orcish Mines.
You worshipped Dithmenos.
Dithmenos was greatly pleased with you.
You were bloodless.

You visited 3 branches of the dungeon, and saw 13 of its levels.

You collected 1273 gold pieces.

Inventory:

Hand Weapons
 k - a +6 whip of electrocution
 m - a +1 dagger of distortion
 n - a +1 dagger of distortion
 z - a cursed +4 short sword of freezing (weapon)
 D - a +1 vampiric dagger
Missiles
 x - a throwing net (quivered)
Armour
 e - a +0 pair of boots (worn)
 i - a +3 leather armour of magic resistance (worn)
 q - a +1 pair of gloves (worn)
 y - a +0 cloak (worn)
Jewellery
 g - a +3 ring of evasion (left hand)
 p - an amulet of magic regeneration (around neck)
 s - a +3 ring of evasion
 A - a ring of protection from magic (right hand)
 B - an uncursed ring of stealth
Wands
 b - a wand of iceblast (13)
 h - a wand of random effects (38)
 o - a wand of polymorph (18)
 u - a wand of digging (2)
Scrolls
 a - 2 scrolls of enchant armour
 c - 4 scrolls of teleportation
 w - 3 scrolls of blinking
Potions
 d - a potion of curing
 f - 3 potions of heal wounds
 j - a potion of degeneration {unknown}
 l - a potion of cancellation {unknown}
 t - a potion of flight {unknown}
 v - a potion of agility {unknown}
 C - a potion of brilliance {unknown}
Miscellaneous
 r - a lightning rod (4/4)
 F - a crystal ball of energy


   Skills:
 + Level 6.9 Fighting
 + Level 8.5 Short Blades
 + Level 8.7 Dodging
 + Level 12.4 Stealth
 + Level 7.2 Spellcasting
 + Level 11.7 Hexes


You had 16 spell levels left.
You knew the following spells:

 Your Spells              Type           Power        Failure   Level  Hunger
a - Ensorcelled Hibernat  Hex/Ice        ####..       2%          2    N/A
c - Confuse               Hex            #####...     1%          3    N/A
d - Tukima's Dance        Hex            #####...     1%          3    N/A

Your spell library contained the following spells:

 Spells                   Type           Power        Failure   Level  Hunger
 Corona                   Hex            #####..      1%          1    N/A
 Dazzling Spray           Conj/Hex       ####..       4%          3    N/A
 Beastly Appendage        Tmut           #.....       16%         1    N/A
 Sticks to Snakes         Tmut           #.......     24%         2    N/A
 Spider Form              Tmut/Pois      #.........   43%         3    N/A
 Ice Form                 Ice/Tmut       #.......     85%         4    N/A
 Blade Hands              Tmut           #.........   99%         5    N/A

Dungeon Overview and Level Annotations

Branches:
Dungeon (10/15)            Temple (1/1) D:6             Orc (2/2) D:10
    Elf (0/3) Orc:2
   Lair: D:8-11

Altars:
Ashenzari
Cheibriados
Dithmenos
Elyvilon
Fedhas
Gozag
Hepliaklqana
Kikubaaqudgha
Makhleb
Nemelex Xobeh
Okawaru
Qazlal
Ru
Sif Muna
Trog
Uskayaw
Vehumet
Wu Jian
Xom
Yredelemnul
Zin
The Shining One
Beogh

Shops:
D:7 (   D:8 (   D:10 :   Orc:2 }

Annotations:
Orc:2 Rupert


Innate Abilities, Weirdness & Mutations

You do not eat.
You do not regenerate when monsters are visible.
You are frail without blood (-20% HP).
You are immune to poison.
You have razor-sharp teeth.
You have supernaturally acute eyesight. (SInv)
You can survive without breathing.


Message History

You hit Rupert but do no damage.
Rupert is severely wounded.
Rupert barely misses you.
You hit Rupert. You freeze Rupert.
Rupert is severely wounded.
You barely miss Rupert.
Rupert is severely wounded.
You hit Rupert. You freeze Rupert.
Rupert is severely wounded.
Rupert roars madly and goes into a rage!
Rupert goes berserk!
You barely miss Rupert. You bite Rupert.
You draw Rupert's blood!
You feel better.
Rupert is severely wounded.
Rupert hits you with a +0 executioner's axe of holy wrath!!
Ouch! That really hurt!
* * * LOW HITPOINT WARNING * * *
You emit a cloud of dark smoke.
You convulse!!!
Ouch! That really hurt!
You die...

##.#.........
..................#.#
#.................#..
#.....#..............
#..$.................
#.#.................
##@.................
##..@§...............
#..§§§...............
##.##.............#..
##......^...........
#..................)
##.##......#........
## ###.....#.......
#..............
##.#...#)......


You could see Rupert (berserk).

Vanquished Creatures
  Fannar (Orc:1)
  2 two-headed ogres
  Urug (Orc:2)
  Nergalle (Orc:1)
  Pikel (D:4)
  A deep elf mage (D:10)
  A troll (D:9)
  2 hornets (D:9)
  Grinder (D:6)
  Prince Ribbit (D:9)
  2 hippogriffs
  Sigmund (D:2)
  7 yaks (D:10)
  Eustachio (D:6)
  Grum (D:10)
  Menkaure (D:4)
  2 soldier ants (D:9)
  The ghost of feelmyfire the Cutter, an amateur HaGl (D:4)
  A warg (Orc:2)
  2 water moccasins
  11 orc warriors
  3 slaves (D:4)
  2 sky beasts
  4 ogres
  4 black bears
  2 ice beasts
  2 wolves (D:10)
  3 centaurs
  A crocodile (D:10)
  6 bullfrogs
  2 scorpions
  2 howler monkeys
  7 wights
  4 crimson imps
  2 jellies (D:9)
  A quasit (D:9)
  3 hounds
  A bullfrog skeleton (D:10)
  9 orc priests
  12 orc wizards
  Natasha (thrice) (D:3)
  5 iguanas
  5 worker ants
  A hound zombie (D:7)
  3 hound skeletons
  14 adders
  6 gnolls
  2 shadow imps
  3 oozes
  3 worms
  3 dart slugs
  8 leopard geckos
  50 orcs
  A ball python (D:1)
  3 giant cockroaches
  6 goblins
  12 hobgoblins
  7 jackals
  10 kobolds
  4 quokkas
  9 bats
  3 frilled lizards
  A leopard gecko skeleton (D:6)
  A quokka zombie (D:7)
  4 rats
  A spectral orc (D:3)
280 creatures vanquished.

Vanquished Creatures (collateral kills)
  A kobold (D:4)
1 creature vanquished.

Vanquished Creatures (others)
  A dancing weapon (D:4)
  2 fungi (D:3)
3 creatures vanquished.

Grand Total: 284 creatures vanquished

Notes
Turn   | Place    | Note
-------+----------+-------------------------------------------
     0 | D:1      | Arixos the Vampire Enchanter began the quest for the Orb.
     0 | D:1      | Reached XP level 1. HP: 13/13 MP: 3/3
   262 | D:1      | Reached XP level 2. HP: 15/15 MP: 5/5
   266 | D:1      | Learned a level 2 spell: Ensorcelled Hibernation
   859 | D:2      | Reached XP level 3. HP: 19/20 MP: 1/6
   912 | D:2      | Noticed Sigmund
   921 | D:2      | Killed Sigmund
   921 | D:2      | Reached skill level 1 in Fighting
   921 | D:2      | Reached skill level 5 in Stealth
   921 | D:2      | Reached skill level 5 in Hexes
   921 | D:2      | Reached XP level 4. HP: 25/25 MP: 4/8
   921 | D:2      | Reached XP level 5. HP: 29/29 MP: 4/9
  2151 | D:3      | Reached XP level 6. HP: 35/35 MP: 5/10
  2477 | D:3      | Noticed Natasha
  2482 | D:3      | Killed Natasha
  2567 | D:3      | Learned a level 3 spell: Confuse
  2571 | D:3      | Learned a level 3 spell: Tukima's Dance
  2773 | D:3      | Reached skill level 6 in Stealth
  2912 | D:3      | Found a basalt altar of Yredelemnul.
  2980 | D:3      | Noticed Natasha
  3110 | D:3      | Killed Natasha
  3140 | D:3      | Noticed Natasha
  3151 | D:3      | Killed Natasha
  3319 | D:3      | Found a runed translucent gate.
  3319 | D:3      | Found a runed translucent gate.
  3321 | D:3      | Found a runed translucent gate.
  3321 | D:3      | Noticed feelmyfire's ghost (amateur HaGl)
  3509 | D:4      | Reached XP level 7. HP: 40/40 MP: 11/11
  3799 | D:4      | Got a polished ring mail
  4007 | D:4      | Found Ogian's Magic Scroll Shoppe.
  4103 | D:4      | Noticed Menkaure
  4110 | D:4      | Killed Menkaure
  4153 | D:4      | Noticed Pikel
  4281 | D:4      | Found a shattered altar of Ashenzari.
  4392 | D:4      | Found a hide-covered altar of Uskayaw.
  4444 | D:4      | Killed Pikel
  4444 | D:4      | Reached skill level 7 in Stealth
  4444 | D:4      | Reached XP level 8. HP: 46/46 MP: 3/14
  4454 | D:4      | Found a shimmering altar of Xom.
  4454 | D:4      | Found a sacrificial altar of Ru.
  4454 | D:4      | Found a sparkling altar of Nemelex Xobeh.
  4529 | D:4      | Found a radiant altar of Vehumet.
  4531 | D:4      | Found an iron altar of Okawaru.
  4532 | D:4      | Found a stormy altar of Qazlal.
  5197 | D:4      | Killed feelmyfire's ghost
  5197 | D:4      | Reached skill level 5 in Dodging
  5197 | D:4      | Reached skill level 8 in Stealth
  5313 | D:5      | Entered Level 5 of the Dungeon
  5900 | D:5      | Reached skill level 5 in Short Blades
  6153 | D:5      | Found a glowing golden altar of the Shining One.
  6586 | D:6      | Noticed Grinder
  6596 | D:6      | Killed Grinder
  6596 | D:6      | Reached XP level 9. HP: 44/52 MP: 12/15
  6667 | D:6      | Found a staircase to the Ecumenical Temple.
  6673 | Temple   | Entered the Ecumenical Temple
  6812 | Temple   | Became a worshipper of Dithmenos the Shadowed
  6855 | D:6      | Noticed Eustachio
  6861 | D:6      | Killed Eustachio
  7518 | D:7      | Reached skill level 9 in Stealth
  7708 | D:7      | Found Mucaruetish's Weapon Emporium.
  7770 | D:7      | Found a bloodstained altar of Trog.
  7777 | D:7      | Reached skill level 5 in Spellcasting
  8096 | D:8      | Found Ewiozym's Antique Weapon Shoppe.
  8278 | D:8      | Reached * piety under Dithmenos
  8485 | D:9      | Reached skill level 5 in Fighting
  8511 | D:9      | Noticed a two-headed ogre
  8518 | D:9      | Killed a two-headed ogre
  8518 | D:9      | Reached skill level 10 in Stealth
  8518 | D:9      | Reached XP level 10. HP: 59/59 MP: 18/18
  8607 | D:9      | Found an opulent altar of Gozag.
  8607 | D:9      | Found a glowing silver altar of Zin.
  8912 | D:9      | Reached skill level 10 in Hexes
  8988 | D:9      | Noticed Prince Ribbit
  9003 | D:9      | Killed Prince Ribbit
  9101 | D:9      | Found a blossoming altar of Fedhas.
  9505 | D:10     | Entered Level 10 of the Dungeon
  9619 | D:10     | Reached ** piety under Dithmenos
  9619 | D:10     | Reached skill level 11 in Stealth
  9634 | D:10     | Noticed Grum
  9660 | D:10     | Killed Grum
  9827 | D:10     | Found Xeczec's Book Emporium.
  9892 | D:10     | Reached XP level 11. HP: 64/64 MP: 13/20
 10139 | D:10     | Noticed a deep elf mage
 10148 | D:10     | Killed a deep elf mage
 10251 | D:10     | Found a staircase to the Orcish Mines.
 10285 | D:10     | Found a roughly hewn altar of Beogh.
 10548 | Orc:1    | Entered Level 1 of the Orcish Mines
 10599 | Orc:1    | Noticed Nergalle
 10606 | Orc:1    | Killed Nergalle
 10649 | Orc:1    | Found a bloodstained altar of Trog.
 10654 | Orc:1    | Noticed Fannar
 10688 | Orc:1    | Reached *** piety under Dithmenos
 10797 | Orc:2    | Entered Level 2 of the Orcish Mines
 10966 | Orc:1    | Killed Fannar
 10966 | Orc:1    | Reached skill level 12 in Stealth
 11500 | Orc:2    | Found a staircase to the Elven Halls.
 11579 | Orc:2    | Noticed Urug
 11592 | Orc:2    | Killed Urug
 11609 | Orc:2    | Found Xochue's Gadget Boutique.
 11638 | Orc:2    | Reached **** piety under Dithmenos
 11728 | Orc:2    | Noticed a two-headed ogre
 11749 | Orc:2    | Killed a two-headed ogre
 11927 | Orc:2    | Noticed Rupert
 11946 | Orc:2    | Annihilated by Rupert

Levels and vault maps discovered:
D:1:      psy_arrival_radial01, layout_rooms
D:2:      layout_basic, uniq_sigmund
D:3:      layout_rooms, yredelemnul_forgotten_temple_becter, first_ration,
          gammafunk_ghost_nasty_kobolds, kennysheep_flooded_box, uniq_natasha
D:4:      layout_basic, minitemple, serial_shops, nicolae_shop_behind_doors,
          amethyst_killhole, uniq_menkaure, uniq_pikel
D:5:      layout_loops_ring, basic_altar, lightli_corner_chamber
D:6:      layout_basic, minmay_temple_entry_gardened_gates,
          chequers_serial_rivers_room_b, uniq_grinder, uniq_eustachio
D:7:      layout_rooms, trog_ov_bears_minmay, serial_shops, shop
D:8:      cheibrodos_iron_armory, layout_rooms, serial_shops,
          nicolae_shop_competitors_out_of_business
D:9:      layout_loops_corners, grunt_temple_overflow_gold_and_silver,
          hangedman_pestilent_swarm, lemuel_tele_altar, uniq_prince_ribbit1
D:10:     layout_loops_ring, minmay_orc_entry_temple_small, serial_shops,
          nicolae_shop_trees, kennysheep_minor_cross, uniq_grum
Temple:   cyrus_temple_forest
Orc:1:    layout_caves, basic_altar, uniq_fannar, uniq_nergalle
Orc:2:    st_orc_elflike, layout_diamond_mine, serial_shops, shop, shop,
          uniq_rupert, uniq_urug

Skill      XL: |  1  2  3  4  5  6  7  8  9 10 11 |
---------------+----------------------------------+-----
Fighting       | 1 2 3 4 5 6 |  6.9
Short Blades   | 2 3 4 5 6 7 8 |  8.5
Dodging        | 3 4 5 6 8 |  8.7
Stealth        | 5 6 7 8 10 11 12 | 12.4
Hexes          | 5 6 7 8 9 10 11 | 11.7
Spellcasting   | 3 4 5 6 7 |  7.2

Action                   |  1- 3 |  4- 6 |  7- 9 | 10-12 || total
-------------------------+-------+-------+-------+-------++-------
Melee: Dagger            |    30 |    90 |   147 |       ||   267
       Bite              |     2 |     9 |    20 |    25 ||    56
       Short sword       |       |       |    48 |   294 ||   342
 Cast: Corona            |     1 |       |       |       ||     1
       Ensorcelled Hiber |     7 |    56 |    61 |     9 ||   133
       Confuse           |       |     4 |    34 |    83 ||   121
       Tukima's Dance    |       |       |     2 |     2 ||     4
 Abil: Exsanguinate      |     1 |       |       |       ||     1
  Use: Scroll            |     3 |     2 |    10 |     6 ||    21
       Potion            |       |       |       |     1 ||     1
 Stab: Sleeping          |    15 |    51 |    58 |    42 ||   166
       Distracted        |       |     2 |     1 |     2 ||     5
       Confused          |       |     1 |    21 |    48 ||    70
Armor: Robe              |     1 |     6 |    19 |       ||    26
       Leather armour    |       |       |     5 |    24 ||    29
Dodge: Dodged            |    12 |    54 |   153 |   198 ||   417

Table legend:
 A = Non-vault XP
 B = Vault XP
 C = Vault XP percentage of total XP
 D = Non-vault monster count
 E = Vault monster count
 F = Vault count percentage of total count
                 A         B        C        D         E       F
            +---------+---------+-------+---------+---------+-------
      Total |   11343 |    6568 |  36.7 |     241 |      37 |  13.3
            +---------+---------+-------+---------+---------+-------
        D:1 |      25 |       0 |   0.0 |      15 |       0 |   0.0
        D:2 |     134 |     227 |  62.9 |      34 |       1 |   2.9
        D:3 |     204 |      40 |  16.4 |      27 |       4 |  12.9
        D:4 |     417 |     956 |  69.6 |      11 |       7 |  38.9
        D:5 |     430 |       0 |   0.0 |      21 |       0 |   0.0
        D:6 |     217 |     463 |  68.1 |       6 |       2 |  25.0
        D:7 |     702 |     259 |  27.0 |      11 |       2 |  15.4
        D:8 |     766 |       0 |   0.0 |      18 |       0 |   0.0
        D:9 |    2546 |    1144 |  31.0 |      24 |       5 |  17.2
       D:10 |    2933 |     845 |  22.4 |      23 |      13 |  36.1
      Orc:1 |     634 |    1791 |  73.9 |      15 |       2 |  11.8
      Orc:2 |    2335 |     843 |  26.5 |      36 |       1 |   2.7
            +---------+---------+-------+---------+---------+-------
